 Dungeon Crawl Stone Soup version 0.28.0-62-gf88900778d (webtiles) character file.

Game seed: 7561199312492179975

974 cbfl8 the Chopper (level 7, 0/91 HPs)
             Began as a Minotaur Fighter on Aug 31, 2023.
             Succumbed to a water moccasin's poison
             ... on level 6 of the Dungeon.
             The game lasted 00:03:44 (4654 turns).

cbfl8 the Chopper (Minotaur Fighter)                Turns: 4654, Time: 00:03:45

Health: 0/91       AC: 23    Str: 20    XL:     7   Next: 95%
Magic:  6/6        EV:  2    Int:  5    God:
Gold:   161        SH:  5    Dex: 12    Spells: 6/6 levels left

rFire   . . .      SeeInvis +   a - +0 war axe
rCold   . . .      Faith    .   c - +0 buckler
rNeg    . . .      Spirit   .   (armour currently unavailable)
rPois   +          Reflect  .   (helmet currently unavailable)
rElec   .          Harm     .   (cloak currently unavailable)
rCorr   .          Rampage  .   (gloves currently unavailable)
Will    +....      NoTele   +   (boots currently unavailable)
Stlth   +.........              (no amulet)
HPRegen 0.25/turn               j - ring of see invisible
MPRegen 0.10/turn               m - ring of willpower

@: lethally poisoned (0 -> -29), tree-form
A: stationary, stasis, torment immunity, boosted hp, (horns 2), (retaliatory
headbutt)
a: no special abilities


You were on level 6 of the Dungeon.
You were a tree.
You visited 1 branch of the dungeon, and saw 6 of its levels.

You collected 161 gold pieces.

Inventory:

Hand Weapons
 a - a +0 war axe (weapon)
Missiles
 r - a throwing net
Armour
 c - a +0 buckler (worn)
 n - a +0 chain mail (melded)
Jewellery
 j - a ring of see invisible (left branch)
 m - a ring of willpower (right branch)
Wands
 h - a wand of digging (6)
Scrolls
 b - a scroll of silence {unknown}
 f - a scroll of fog {unknown}
 k - 2 scrolls of vulnerability {unknown}
 p - 3 scrolls of enchant weapon {unknown}
Potions
 d - a potion of might
 o - a potion of attraction


   Skills:
 + Level 5.2 Fighting
 + Level 7.0 Axes
 + Level 6.2 Armour
 + Level 5.0 Shields
 * Level 3.5 Evocations


You had 6 spell levels left.
You didn't know any spells.
Your spell library contained the following spells:

 Spells                   Type           Power      Damage    Failure   Level
 Gell's Gravitas          Tloc           0%         N/A       90%         3
 Lesser Beckoning         Tloc           0%         N/A       90%         3
 Portal Projectile        Hex/Tloc       0%         N/A       90%         3
 Teleport Other           Tloc           0%         N/A       90%         3
 Alistair's Intoxication  Tmut/Pois      0%         N/A       100%        5
 Blade Hands              Tmut           0%         N/A       100%        5
 Borgnjor's Vile Clutch   Necr/Erth      0%         N/A       100%        5
 Excruciating Wounds      Necr           0%         N/A       100%        5
 Eringya's Noxious Bog    Tmut/Pois      0%         N/A       100%        6


Dungeon Overview and Level Annotations

Branches:
Dungeon (6/15)
 Temple: D:4-7

Altars:
Ashenzari
Elyvilon
Fedhas
Nemelex Xobeh
Ru
Xom

Shops:
D:3 :   D:5 *


Innate Abilities, Weirdness & Mutations

You are a tree.
Your roots penetrate the ground, keeping you stationary.
You cannot be teleported.
You are immune to unholy pain and torment.
Your maximum health is greatly increased.
Your equipment is partially melded.
((You have a pair of horns on your head.))
((You reflexively headbutt those who attack you in melee.))


Message History

You feel very sick.
The water moccasin bites you but does no damage.
The water moccasin bites you.
You are more poisoned.
The water moccasin poisons you!
Your Axes skill increases to level 7!
Your Shields skill increases to level 5!
You barely miss the water moccasin.
You feel extremely sick. The water moccasin bites you.
You are lethally poisoned!
The water moccasin poisons you!
Unknown command.
You miss the water moccasin.
You feel extremely sick. The water moccasin bites you.
You are more poisoned.
The water moccasin poisons you! The water moccasin closely misses you.
Unknown command.
It was a potion of flight.
You feel very buoyant.
You fly up into the air.
* * * LOW HITPOINT WARNING * * *
You feel extremely sick. You block the water moccasin's attack.
The water moccasin bites you.
* * * LOW HITPOINT WARNING * * *
It was a potion of lignification.
You turn into a tree.
Your +0 chain mail melds into your body.
Your roots penetrate the ground.
* * * LOW HITPOINT WARNING * * *
You feel extremely sick. The water moccasin bites you.
* * * LOW HITPOINT WARNING * * *
Aiming: Iceblast
Press: ? - help, Q - select action, (/) - cycle Shift-Dir - straight line The mass of ice explodes!
The iceblast engulfs the water moccasin!!
The water moccasin is almost dead.
The now-empty wand crumbles to dust.
You die...

≈#≈≈≈≈#..............<.g......
≈≈≈≈≈≈#.......................
≈≈.≈≈≈≈.........(.....##......
≈≈≈≈≈..........)......# .....!
.≈≈≈≈.................##......
.≈...................>........
#....................... .....
........................
.........##....#♣.......
..............##.S......
.............####.......
........#....# .......
<..###...##.... ....... ..##
#...##..##......... ....
........# .......#
.....#...##### ......#
.....###.


You could see a water moccasin.

Vanquished Creatures
  A black bear (D:4)
  2 phantoms
  A scorpion (D:5)
  A water moccasin zombie (D:6)
  A water moccasin skeleton (D:5)
  A jelly (D:4)
  A bullfrog zombie (D:5)
  A centaur zombie (D:5)
  A gnoll shaman (D:6)
  An orc priest (D:5)
  3 hounds (D:5)
  A bullfrog skeleton (D:6)
  2 centaur skeletons
  2 iguanas (D:4)
  6 gnolls
  6 adders
  3 dart slugs
  10 orcs
  2 endoplasms
  A giant cockroach (D:2)
  3 goblins
  7 hobgoblins
  6 jackals
  3 quokkas
  7 ball pythons
  A bat (D:1)
  3 frilled lizards
  4 kobolds
  4 rats
85 creatures vanquished.

Notes
Turn   | Place    | Note
-------+----------+-------------------------------------------
     0 | D:1      | cbfl8 the Minotaur Fighter began the quest for the Orb.
     0 | D:1      | Reached XP level 1. HP: 19/19 MP: 0/0
   133 | D:1      | Reached XP level 2. HP: 24/27 MP: 1/1
   577 | D:1      | Found a faded altar of an unknown god.
   644 | D:2      | Reached XP level 3. HP: 33/33 MP: 2/2
   647 | D:2      | Reached skill level 1 in Evocations
   666 | D:2      | Reached skill level 3 in Axes
  1194 | D:3      | Found Xynirir's Book Boutique.
  1232 | D:3      | Reached XP level 4. HP: 38/40 MP: 3/3
  1293 | D:3      | Found a blossoming altar of Fedhas.
  1820 | D:3      | Found a sacrificial altar of Ru.
  1953 | D:4      | Noticed a black bear
  1956 | D:4      | Noticed a phantom
  1959 | D:4      | Killed a black bear
  1960 | D:4      | Reached skill level 4 in Axes
  1960 | D:4      | Reached XP level 5. HP: 39/46 MP: 4/4
  1965 | D:4      | Killed a phantom
  1966 | D:4      | Reached XP level 6. HP: 41/53 MP: 5/5
  2080 | D:4      | Reached skill level 5 in Axes
  2080 | D:4      | Reached skill level 5 in Armour
  2418 | D:4      | Found a broken altar of Ashenzari.
  2756 | D:5      | Entered Level 5 of the Dungeon
  2894 | D:5      | Reached skill level 6 in Axes
  2894 | D:5      | Reached XP level 7. HP: 47/60 MP: 6/6
  2989 | D:5      | Found Ysoti's Fire Supplies.
  3313 | D:5      | Reached skill level 5 in Fighting
  3819 | D:5      | Found a sparkling altar of Nemelex Xobeh.
  3821 | D:5      | Found an opulent altar of Gozag.
  3821 | D:5      | Found a shimmering altar of Xom.
  3823 | D:5      | Found a white marble altar of Elyvilon.
  3823 | D:5      | Found a sparkling altar of Nemelex Xobeh.
  3823 | D:5      | Found a shimmering altar of Xom.
  3907 | D:4      | HP: 1/61 [gnoll/+0 flail (6)]
  4650 | D:6      | Reached skill level 7 in Axes
  4650 | D:6      | Reached skill level 5 in Shields
  4654 | D:6      | Succumbed to a water moccasin's poison

Illustrated notes

Levels and vault maps discovered:
D:1:      lightli_arrival_statuegarden, layout_basic,
          ebering_ecumenical_altar_mist
D:2:      layout_rooms, chequers_garden, minmay_misc_feat_plants
D:3:      layout_loops_ring, fedhas_ov_isle_minmay,
          nicolae_ru_the_path_less_chosen, serial_shops,
          nicolae_shop_advertising_works [nicolae_subvault_shop_adworks]
D:4:      layout_basic, marbit_many_paths, minmay_misc_feat_nine_boxes,
          amcnicky_mini_rare_corridor_liquid, minmay_misc_feat_hallway
D:5:      layout_cave_pools, doesnt_xom_only_xom, grunt_ministairs_13,
          nicolae_shop_fire_sale [nicolae_sub_dead_trees]
D:6:      layout_cave_pools, minmay_temple_entry_mist, serial_rivers,
          chequers_serial_rivers_small_a, chequers_serial_rivers_large_a,
          chequers_serial_rivers_micro_e, chequers_serial_rivers_micro_d,
          chequers_serial_rivers_micro_a

Skill      XL: |  1  2  3  4  5  6  7 |
---------------+----------------------+-----
Armour         | 4 5 6 |  6.2
Shields        | 4 5 |  5.0
Fighting       | 4 5 |  5.2
Evocations     | 1 2 3 |  3.5
Axes           | 3 4 6 7 |  7.0

Action                   |  1- 3 |  4- 6 |  7- 9 || total
-------------------------+-------+-------+-------++-------
Melee: War axe           |    76 |    90 |    81 ||   247
       Headbutt          |     9 |    14 |    12 ||    35
Evoke: Wand              |       |       |     1 ||     1
  Use: Scroll            |     3 |     1 |     3 ||     7
       Potion            |       |     1 |     4 ||     5
Armor: Scale mail        |    37 |    16 |       ||    53
       Chain mail        |       |    33 |    53 ||    86
Dodge: Dodged            |    43 |    34 |    40 ||   117
Block: Buckler           |    26 |    28 |    18 ||    72
